 Dungeon Crawl Stone Soup version 0.24-a0-272-g1411513 (webtiles) character file.

Game seed: 17153567713589723336

178915 Lanoc the Warrior (level 17, 0/171 HPs)
             Began as a Purple Draconian Monk on Apr 24, 2019.
             Was the Champion of Ashenzari.
             Slain by a seven-headed hydra (4 damage)
             ... on level 4 of the Swamp on Apr 25, 2019.
             The game lasted 01:57:21 (43225 turns).

Lanoc the Warrior (Purple Draconian Monk)          Turns: 43225, Time: 01:57:22

Health: 0/171      AC: 12    Str: 19    XL:     17   Next: 59%
Magic:  17/17      EV: 35    Int:  8    God:    Ashenzari [******]
Gold:   2817       SH:  9    Dex: 28    Spells: 9/16 levels left

rFire    + . .     SeeInvis +   G - +9 demon blade "Ylaxo Rue" {pain, *Drain Dex+7 SInv} (curse)
rCold    + . .     Gourm    .   T - +2 buckler
rNeg     + . .     Faith    .   (armour unavailable)
rPois    .         Spirit   .   U - +1 hat (curse)
rElec    +         Reflect  .   l - scarf {rC+ rF+} (curse)
rCorr    .         Harm     .   j - +0 pair of gloves (curse)
MR       ++...     Clarity  +   r - +0 pair of boots (curse)
Stlth    ++++......             M - amulet of rage
HPRegen  0.38/turn              R - ring of Conuc {+Fly rElec rN+ Int-2 SInv} (curse)
MPRegen  0.15/turn              z - +5 ring of strength (curse)

@: very slightly contaminated
A: breathe power, unfitting armour, cold-blooded, AC +9
a: Breathe Dispelling Energy, Curse Item, Scrying, Transfer Knowledge, Renounce
Religion, Evoke Berserk Rage, Evoke Flight


You were on level 4 of the Swamp.
You worshipped Ashenzari.
Ashenzari was exalted by your worship.
You were not hungry.

You visited 6 branches of the dungeon, and saw 29 of its levels.
You also visited: Sewer, Ossuary and Ice Cave.

You collected 3274 gold pieces.
You spent 457 gold pieces at shops.

Inventory:

Hand Weapons
 G - the cursed +9 demon blade "Ylaxo Rue" (weapon) {pain, *Drain Dex+7 SInv}
   (You acquired it on level 3 of the Swamp)

   In the hands of one skilled in necromantic magic, it inflicts extra damage on
   living creatures.
   It affects your dexterity (+7).
   It lets you see invisible.
   It causes draining when unequipped.
   It has a curse placed upon it.
 N - a +1 scimitar of flaming
 V - the +8 trident of the Octopus King {venom, rElec rPois MR+}
   (You found it on level 6 of the Lair of Beasts)

   It poisons the flesh of those it strikes.
   It insulates you from electricity.
   It protects you from poison.
   It affects your resistance to hostile enchantments.
Armour
 j - a cursed +0 pair of gloves (worn)
 l - a cursed scarf of resistance (worn)
 r - a cursed +0 pair of boots (worn)
 T - a +2 buckler (worn)
 U - a cursed +1 hat (worn)
Jewellery
 q - an uncursed ring of wizardry
 w - an uncursed ring of resist corrosion
 z - a cursed +5 ring of strength (right hand)
 I - an uncursed ring of poison resistance
 M - an amulet of rage (around neck)
 O - an uncursed ring of protection from magic
 R - the cursed ring of Conuc (left hand) {+Fly rElec rN+ Int-2 SInv}
   (You found it in an ice cave)

   [ring of intelligence]

   It affects your intelligence (-2).
   It insulates you from electricity.
   It protects you from negative energy.
   It lets you see invisible.
   It lets you fly.
   It has a curse placed upon it.
 S - an uncursed ring of protection from cold
Wands
 m - a wand of clouds (4)
 v - a wand of disintegration (18)
 A - a wand of flame (30)
 B - a wand of scattershot (5)
 D - a wand of acid (24)
 Q - a wand of enslavement (14)
 X - a wand of polymorph (8)
Scrolls
 a - 3 scrolls of magic mapping
 c - 3 scrolls of teleportation
 d - 8 scrolls of enchant weapon
 f - 7 scrolls of fear
 i - 8 scrolls of immolation
 n - 3 scrolls of fog
 o - 5 scrolls of amnesia
 p - 2 scrolls of enchant armour
 y - a scroll of remove curse
 F - a scroll of brand weapon
 J - a scroll of identify
 W - a scroll of silence
Potions
 e - 6 potions of curing
 g - a potion of ambrosia
 h - 3 potions of might
 k - 7 potions of haste
 s - 6 potions of mutation
 t - 4 potions of flight
 u - 4 potions of brilliance
 x - 2 potions of heal wounds
 C - 7 potions of lignification
 E - 5 potions of magic
 H - 10 potions of agility
 L - 2 potions of invisibility
 Z - 3 potions of cancellation
Miscellaneous
 P - a box of beasts
Comestibles
 b - 35 rations
 Y - 3 chunks of flesh


   Skills:
 + Level 20.4 Fighting
 - Level 10.3(14.5) Long Blades
 - Level 10.4 Polearms
 + Level 17.7(21.4) Dodging
 - Level 1.7(4.8) Stealth
 - Level 4.0 Shields
 * Level 4.5(7.4) Necromancy


You had 9 spell levels left.
You knew the following spells:

 Your Spells              Type           Power        Failure   Level  Hunger
a - Apportation           Tloc           #.....       36%         1    ##.....
b - Simulacrum            Ice/Necr       #.........   100%        6    #######

Your spell library contained the following spells:

 Spells                   Type           Power        Failure   Level  Hunger
 Animate Skeleton         Necr           N/A          1%          1    ##.....
 Animate Dead             Necr           N/A          21%         4    #####..
 Regeneration             Chrm/Necr      #.........   26%         3    ####...
 Confusing Touch          Hex            #.....       36%         1    ##.....
 Flame Tongue             Conj/Fire      #....        36%         1    ##.....
 Infusion                 Chrm           #...         36%         1    ##.....
 Sting                    Conj/Pois      #...         36%         1    ##.....
 Summon Small Mammal      Summ           #...         36%         1    ##.....
 Ensorcelled Hibernation  Hex/Ice        #.....       50%         2    ###....
 Poisonous Vapours        Pois/Air       #.....       50%         2    ###....
 Shroud of Golubria       Chrm/Tloc      #.........   50%         2    ###....
 Song of Slaying          Chrm           #.......     50%         2    ###....
 Throw Flame              Conj/Fire      #.....       50%         2    ###....
 Conjure Flame            Conj/Fire      #.......     73%         3    ####...
 Gell's Gravitas          Tloc           #.........   73%         3    ####...
 Mephitic Cloud           Conj/Pois/Air  #.......     73%         3    ####...
 Recall                   Summ/Tloc      N/A          73%         3    ####...
 Confuse                  Hex            #.......     75%         3    ####...
 Inner Flame              Hex/Fire       #.......     75%         3    ####...
 Spectral Weapon          Hex/Chrm       #.......     75%         3    ####...
 Borgnjor's Vile Clutch   Necr/Erth      #.........   94%         5    ######.
 Death Channel            Necr           ##........   97%         6    #######
 Ice Form                 Ice/Tmut       #.......     98%         4    #####..
 Olgreb's Toxic Radiance  Pois           #.......     98%         4    #####..
 Petrify                  Tmut/Erth      #.......     98%         4    #####..
 Sticky Flame             Conj/Fire      #.......     98%         4    #####..
 Fireball                 Conj/Fire      #.........   100%        5    ######.
 Metabolic Englaciation   Hex/Ice        #.........   100%        5    ######.
 Silence                  Hex/Air        #.........   100%        5    ######.
 Venom Bolt               Conj/Pois      #.........   100%        5    ######.
 Yara's Violent Unravell  Hex/Tmut       #.........   100%        5    ######.
 Bolt of Cold             Conj/Ice       #.........   100%        6    #######
 Darkness                 Hex            #.........   100%        6    #######
 Freezing Cloud           Conj/Ice/Air   #.........   100%        6    #######
 Ozocubu's Refrigeration  Ice            #.........   100%        6    #######
 Shadow Creatures         Summ           N/A          100%        6    #######


Dungeon Overview and Level Annotations

Branches:
Dungeon (15/15)            Temple (1/1) D:7            Lair (6/6) D:9
  Swamp (4/4) Lair:3        Snake (0/4) Lair:3        Slime (0/5) Lair:6
    Orc (2/2) D:11            Elf (0/3) Orc:2        Vaults (0/5) D:13
 Depths (1/5) D:15

Altars:
Ashenzari
Cheibriados
Dithmenos
Elyvilon
Fedhas
Gozag
Hepliaklqana
Makhleb
Nemelex Xobeh
Okawaru
Ru
Sif Muna
Trog
Uskayaw
Vehumet
Wu Jian
Xom
Yredelemnul
The Shining One

Shops:
D:5 *   D:9 =   Orc:1 =   Orc:2 !(}(

Portals:
Hell: Depths:1


Innate Abilities, Weirdness & Mutations

You can breathe bolts of dispelling energy.
Your rich purple scales are hard. (AC +9)
You cannot fit into any form of body armour.
You are cold-blooded and may be slowed by cold attacks.


Message History

The seven-headed hydra completely misses you.
The seven-headed hydra bites you.
* * * LOW HITPOINT WARNING * * *
You block the seven-headed hydra's attack.
The seven-headed hydra bites you!
* * * LOW HITPOINT WARNING * * *
The seven-headed hydra completely misses you.
Blink to where?
Press: ? - help, Dir - move target cursor, p - seven-headed hydra You are very lightly contaminated with residual magic.
As you read the scroll of blinking, it crumbles to dust.
The seven-headed hydra is engulfed in a cloud of scalding steam.
You enter the shallow water.
Moving in this stuff is going to be slow.
You block the seven-headed hydra's attack.
The seven-headed hydra bites you!
* * * LOW HITPOINT WARNING * * *
The seven-headed hydra completely misses you.
The seven-headed hydra misses you. The seven-headed hydra bites you.
You die...

♣≈≈≈♣♣ ♣♣♣♣ ♣.≈≈.♣ * ♣♣♣≈≈♣♣
♣♣≈..♣♣
.≈..♣♣≈♣♣♣♣♣≈...≈♣♣♣.≈≈.≈♣
≈≈≈..≈≈..♣♣§≈≈≈≈≈≈♣.≈≈≈≈≈♣
≈≈≈...≈...≈..≈≈≈≈.♣♣≈≈≈≈≈♣
≈♣≈≈.≈≈.......≈≈≈.♣♣.§≈≈§♣♣♣♣
≈≈≈≈≈≈≈≈≈≈≈≈..≈≈.D.....≈♣...♣♣
≈≈≈≈≈≈≈≈≈≈≈≈≈...@♣§≈..)..≈≈≈.♣
≈≈≈≈≈≈≈≈≈≈≈≈≈≈.♣♣♣.≈≈♣♣♣.≈≈≈.♣
.≈≈..≈.♣...≈.≈≈♣ ♣♣..≈♣♣≈≈≈.♣♣
≈≈..♣♣≈..♣♣♣♣♣♣♣
♣≈...≈.≈≈≈♣♣♣♣ ≈..♣♣♣♣≈..♣≈♣♣
♣≈.≈≈.≈≈≈.≈..♣♣ .♣♣♣
*♣♣♣♣..≈♣** ♣♣♣.≈...≈.≈≈.§♣
♣♣♣ * , ♣♣♣♣♣ * *♣♣♣♣♣♣♣♣♣♣≈§♣
..♣♣ ,,≈* ♣♣♣♣♣♣≈≈♣ §≈≈♣♣ * *
, * ♣..♣.≈.♣♣


You could see a seven-headed hydra.

Vanquished Creatures
  A sphinx (Depths:1)
  A thorn hunter (Swamp:3)
  Kirke (D:12)
  The ghost of Aske the Nimble, an adept GrFi of Ashenzari (Swamp:2)
  3 frost giants
  A fire giant (D:15)
  A deep elf sorcerer (Depths:1)
  A very ugly thing (Depths:1)
  A vampire knight (D:13)
  Azrael (D:12)
  4 dire elephants (Lair:6)
  An ettin (Depths:1)
  An ice dragon (D:14)
  3 vault guards (D:13)
  4 ghost crabs
  3 centaur warriors
  29 hydras
  An anaconda (Lair:6)
  Erica (D:10)
  9 two-headed ogres
  An ogre mage (D:14)
  A tengu warrior (D:13)
  15 alligators
  A death yak (Lair:4)
  An orc high priest (Orc:1)
  4 deep troll earth magi
  Sonja (D:10)
  A fire crab (shapeshifter) (D:13)
  A deep elf knight (D:13)
  A flayed ghost (D:13)
  2 unseen horrors
  A deep troll (Depths:1)
  5 swamp dragons
  5 spriggan druids
  A deep elf archer (D:13)
  Pikel (D:5)
  A harpy (shapeshifter) (Depths:1)
  6 ugly things
  4 orc knights
  A mana viper (shapeshifter) (D:13)
  3 deep elf magi (D:13)
  A wolf spider zombie (D:15)
  2 manticores
  3 orc sorcerers
  7 cyclopes
  15 elephants
  Maurice (D:10)
  3 black mambas
  A molten gargoyle (Depths:1)
  2 ice statues
  A smoke demon (Depths:1)
  A centaur zombie (D:15)
  2 gargoyles (D:14)
  A torpor snail (Lair:4)
  5 rime drakes
  5 centaur skeletons
  An efreet (D:13)
  A yaktaur (shapeshifter) (D:14)
  6 komodo dragons
  12 spiny frogs
  A freezing wraith (D:13)
  8 trolls
  Grinder (Sewer)
  2 red devils (Depths:1)
  3 tengu conjurers
  16 tyrant leeches
  18 polar bears
  A meliai zombie (D:14)
  13 hippogriffs
  13 blink frogs
  29 slime creatures
  7 bog bodies
  6 hornets
  7 dream sheep
  6 spriggans
  4 wyverns
  5 shadows
  A wraith (D:13)
  9 water elementals
  6 basilisks
  8 humans (D:13)
  49 yaks
  5 fire elementals
  2 hogs (D:12)
  3 hungry ghosts
  12 insubstantial wisps
  34 vampire mosquitoes
  18 swamp worms
  A warg (Orc:1)
  An acid dragon (D:14)
  2 hell hounds
  5 porcupines
  26 water moccasins
  8 swamp drakes
  32 orc warriors
  2 black bears
  An eye of draining (D:9)
  16 ice beasts
  5 sky beasts
  2 necrophages (D:7)
  4 slaves (D:5)
  2 phantoms
  25 wolves
  8 ogres
  22 centaurs
  6 crocodiles
  6 big kobolds
  25 bullfrogs
  2 scorpions
  9 killer bees
  7 wights
  A howler monkey (D:12)
  4 electric eels
  6 crimson imps
  2 bullfrog zombies (D:9)
  6 quasits
  8 hounds
  9 jellies
  18 orc priests
  A human zombie (Ossuary)
  8 bullfrog skeletons
  14 worker ants
  32 orc wizards
  6 iguanas
  A killer bee zombie (D:9)
  3 big kobold zombies (Sewer)
  2 hound skeletons (D:6)
  3 mummies (Ossuary)
  Robin (D:2)
  7 gnolls
  21 adders
  2 river rats (D:5)
  6 shadow imps
  3 ufetubi (Sewer)
  2 oozes
  An adder zombie (D:7)
  2 adder skeletons
  2 worms
  3 dart slugs
  3 leopard geckos
  89 orcs
  A bat zombie (Sewer)
  6 giant cockroaches
  A gnoll zombie (Ossuary)
  16 hobgoblins
  16 jackals
  21 kobolds
  6 quokkas
  2 ball pythons
  6 bats
  2 frilled lizards
  11 goblins
  A goblin zombie (Ossuary)
  2 hobgoblin zombies (Ossuary)
  3 kobold zombies
  An orc zombie (Ossuary)
  2 quokka zombies
  7 rats
  3 plants (Lair:6)
1072 creatures vanquished.

Vanquished Creatures (others)
  An unseen horror (D:14)
  A swamp dragon (Swamp:2)
  An orange demon (Swamp:4)
  A rime drake (Lair:1)
  A hornet (Swamp:4)
  A polar bear (IceCv)
  A yak (IceCv)
  A human (D:13)
  A hungry ghost (D:12)
  2 insubstantial wisps (Swamp:2)
  A swamp worm (Swamp:2)
  An orc warrior (Orc:2)
  A killer bee (D:9)
  An orc wizard (D:3)
  An adder zombie (Sewer)
  An orc (Orc:1)
  A giant cockroach zombie (Sewer)
  A kobold zombie (Sewer)
  A briar patch (Swamp:3)
  11 fungi
  5 plants
36 creatures vanquished.

Grand Total: 1108 creatures vanquished

Notes
Turn   | Place    | Note
-------+----------+-------------------------------------------
     0 | D:1      | Lanoc the Draconian Monk began the quest for the Orb.
     0 | D:1      | Reached XP level 1. HP: 19/19 MP: 1/1
   260 | D:1      | Reached XP level 2. HP: 14/26 MP: 2/2
   679 | D:2      | Reached XP level 3. HP: 12/31 MP: 3/3
  1037 | D:2      | Noticed Robin
  1050 | D:2      | Killed Robin
  1075 | D:2      | Reached XP level 4. HP: 18/40 MP: 4/4
  1250 | D:2      | Found a shimmering altar of Xom.
  1327 | D:2      | Found an opulent altar of Gozag.
  1790 | D:2      | Reached skill level 4 in Fighting
  2288 | D:3      | Found a shattered altar of Ashenzari.
  2345 | D:3      | Reached XP level 5. HP: 43/46 MP: 5/5
  2417 | D:3      | Became a worshipper of Ashenzari the Shackled
  2417 | D:3      | Reached * piety under Ashenzari
  2417 | D:3      | Reached ** piety under Ashenzari
  3033 | D:3      | Found a deep blue altar of Sif Muna.
  3173 | D:3      | Reached skill level 5 in Long Blades
  3431 | D:3      | Reached XP level 6. HP: 30/53 MP: 6/6
  3782 | D:3      | Reached skill level 5 in Fighting
  4100 | D:4      | Your scales start taking on a rich purple colour.
  4100 | D:4      | Reached XP level 7. HP: 59/61 MP: 7/7
  4113 | D:4      | Found a sparkling altar of Nemelex Xobeh.
  4681 | D:5      | Entered Level 5 of the Dungeon
  4746 | D:5      | Found Caiz's Assorted Antiques.
  4770 | D:5      | Bought a cyan potion for 26 gold pieces
  4770 | D:5      | Bought a scroll labeled QUNTIS IQAM for 29 gold pieces
  4770 | D:5      | Bought a puce potion for 26 gold pieces
  4770 | D:5      | Bought a metallic brown potion for 26 gold pieces
  4770 | D:5      | Bought a bubbling grey potion for 26 gold pieces
  4828 | D:5      | Found a glowing golden altar of the Shining One.
  5015 | D:5      | Found a glowing drain.
  5033 | Sewer    | Entered a sewer
  5531 | Sewer    | Found a burning altar of Makhleb.
  5537 | Sewer    | Noticed Grinder
  5588 | Sewer    | Paralysed by Grinder for 4 turns
  5597 | Sewer    | Killed Grinder
  5597 | Sewer    | Reached skill level 6 in Fighting
  5597 | Sewer    | Reached skill level 5 in Dodging
  5597 | Sewer    | Reached XP level 8. HP: 54/70 MP: 8/8
  6184 | D:5      | Noticed Pikel
  6712 | D:5      | Killed Pikel
  6712 | D:5      | Reached skill level 7 in Fighting
  7339 | D:6      | Found a sand-covered staircase.
  7344 | Ossuary  | Entered an ossuary
  7559 | D:6      | Reached XP level 9. HP: 79/79 MP: 9/9
  9022 | D:7      | Reached skill level 8 in Fighting
  9022 | D:7      | Reached skill level 10 in Long Blades
  9259 | D:7      | Found a white marble altar of Elyvilon.
  9847 | D:7      | Reached *** piety under Ashenzari
 10028 | D:7      | Found a staircase to the Ecumenical Temple.
 10034 | Temple   | Entered the Ecumenical Temple
 10230 | D:8      | Reached XP level 10. HP: 76/90 MP: 10/10
 10272 | D:8      | Found a hide-covered altar of Uskayaw.
 10450 | D:8      | Found a burning altar of Makhleb.
 10945 | D:9      | Identified the +6 quarterstaff of Tender Mercy {crush,
                  | Dex+4}
 11120 | D:9      | Found Warphymyl's Jewellery Shoppe.
 11184 | D:9      | Found a staircase to the Lair.
 11184 | D:9      | Noticed an elephant
 11263 | D:9      | Killed an elephant
 11263 | D:9      | Reached skill level 9 in Fighting
 11451 | D:9      | Noticed a two-headed ogre
 11573 | D:9      | Killed a two-headed ogre
 11878 | D:9      | Noticed a three-headed hydra
 12096 | D:9      | Killed a one-headed hydra
 12096 | D:9      | Reached XP level 11. HP: 73/99 MP: 11/11
 12340 | D:10     | Entered Level 10 of the Dungeon
 12389 | D:10     | Reached **** piety under Ashenzari
 12454 | D:10     | Found an opulent altar of Gozag.
 12525 | D:10     | Noticed Maurice
 12557 | D:10     | Killed Maurice
 12557 | D:10     | Reached skill level 10 in Fighting
 12878 | D:10     | Noticed Sonja
 12938 | D:10     | Noticed Erica
 12969 | D:10     | Killed Erica
 13085 | D:10     | Killed Sonja
 13278 | D:11     | Found a staircase to the Orcish Mines.
 13754 | D:11     | Reached skill level 11 in Fighting
 13754 | D:11     | Reached XP level 12. HP: 105/110 MP: 12/12
 13989 | D:11     | Reached skill level 10 in Dodging
 14082 | D:11     | Noticed a five-headed hydra
 14089 | D:11     | Killed a two-headed hydra
 14383 | D:11     | Reached skill level 12 in Fighting
 15040 | D:12     | Noticed Kirke
 15139 | D:12     | Killed Kirke
 15193 | D:12     | Reached XP level 13. HP: 104/119 MP: 13/13
 15584 | D:12     | Noticed Azrael
 15811 | D:11     | Reached skill level 13 in Fighting
 15882 | Lair:1   | Entered Level 1 of the Lair of Beasts
 16469 | Lair:1   | Reached ***** piety under Ashenzari
 17743 | Lair:3   | Found a staircase to the Snake Pit.
 17835 | Lair:3   | Reached skill level 1 in Shields
 17850 | Lair:3   | Learned a level 1 spell: Apportation
 17897 | Lair:3   | Found a staircase to the Swamp.
 18239 | Lair:4   | Found a frozen archway.
 18277 | IceCv    | Entered an ice cave
 18720 | IceCv    | Reached skill level 14 in Fighting
 18725 | IceCv    | Got the falchion "Veisu" {speed, +Rage rC+ Int+2}
 18726 | IceCv    | Identified the +7 falchion "Veisu" {speed, +Rage rC+ Int+2}
                  | (You found it in an ice cave)
 19314 | IceCv    | Noticed a frost giant
 19428 | IceCv    | Killed a frost giant
 19503 | IceCv    | Identified the cursed ring of Conuc {+Fly rElec rN+ Int-2
                  | SInv}
 19876 | Lair:4   | Reached XP level 14. HP: 130/133 MP: 14/14
 20337 | Lair:4   | Reached skill level 15 in Fighting
 22147 | Lair:6   | Entered Level 6 of the Lair of Beasts
 22755 | Lair:6   | Found a staircase to the Slime Pits.
 22910 | Lair:6   | Reached skill level 16 in Fighting
 24059 | Lair:6   | Reached ****** piety under Ashenzari
 24333 | Lair:6   | Found the +8 trident of the Octopus King {venom, rElec
                  | rPois MR+}
 24843 | Orc:1    | Entered Level 1 of the Orcish Mines
 25101 | Orc:1    | Found Zophusel's Jewellery Shoppe.
 25225 | Orc:1    | Reached XP level 15. HP: 111/145 MP: 15/15
 25638 | Orc:2    | Entered Level 2 of the Orcish Mines
 25763 | Orc:2    | Found a staircase to the Elven Halls.
 26832 | Orc:2    | Reached skill level 17 in Fighting
 26987 | Orc:2    | Found Fuidigeu's Gadget Shoppe.
 26987 | Orc:2    | Found Rocuf's Antique Weapon Shop.
 26989 | Orc:2    | Found Sicenote's Distillery.
 26991 | Orc:2    | Found Acsint's Weapon Emporium.
 26999 | Orc:2    | Bought a potion of heal wounds for 60 gold pieces
 26999 | Orc:2    | Bought a potion of haste for 120 gold pieces
 26999 | Orc:2    | Bought a potion of mutation for 96 gold pieces
 26999 | Orc:2    | Bought a potion of agility for 48 gold pieces
 27411 | D:12     | Killed Azrael
 28155 | D:13     | Reached skill level 15 in Dodging
 28474 | D:13     | Noticed a frost giant
 28497 | D:13     | Killed a frost giant
 28924 | D:13     | Found a deep blue altar of Sif Muna.
 29249 | D:13     | Found a gate to the Vaults.
 30503 | D:14     | Reached skill level 18 in Fighting
 31343 | D:14     | HP: 7/149 [ice dragon (13)]
 31735 | D:14     | HP: 6/149 [water elemental (16)]
 32180 | D:14     | Noticed a frost giant
 32216 | D:14     | Killed a frost giant
 32495 | D:14     | Reached XP level 16. HP: 159/159 MP: 16/16
 32566 | D:15     | Entered Level 15 of the Dungeon
 32807 | D:14     | Upgraded the game from 0.24-a0-271-ga0fc33f to
                  | 0.24-a0-272-g1411513
 33061 | D:15     | Found a staircase to the Depths.
 33349 | D:15     | Found a blossoming altar of Fedhas.
 34292 | D:15     | Identified a scroll of acquirement
 34294 | D:15     | Got the cursed demon blade of the Pure Souls {pain, Str+2}
 34295 | D:15     | Identified the cursed +1 demon blade of the Pure Souls
                  | {pain, Str+2} (You acquired it on level 15 of the Dungeon)
 34361 | Depths:1 | Entered Level 1 of the Depths
 34675 | D:15     | Reached skill level 19 in Fighting
 35498 | Depths:1 | Found a gateway to Hell.
 35959 | Depths:1 | Noticed a sphinx
 35969 | Depths:1 | Killed a sphinx
 36431 | Swamp:1  | Entered Level 1 of the Swamp
 36440 | Swamp:1  | Reached skill level 1 in Polearms
 36640 | Swamp:1  | Reached skill level 5 in Polearms
 38284 | Swamp:2  | Reduced skill Long Blades to level 10
 38348 | Swamp:2  | Reached skill level 10 in Polearms
 38353 | Swamp:2  | Found a runed translucent door.
 38354 | Swamp:2  | Noticed Aske's ghost (adept GrFi)
 38357 | Swamp:2  | Identified the cursed +3 trident "Secrau" {pierce, *Noise
                  | rF++ Str-3 Dex+8}
 38821 | Swamp:2  | Identified the cursed +2 hand axe of Valiance {venom,
                  | *Drain +Inv rElec Str+4}
 39230 | Swamp:3  | Reached XP level 17. HP: 154/170 MP: 17/17
 39385 | Swamp:2  | Paralysed by a hornet for 2 turns
 39822 | Swamp:2  | Killed Aske's ghost
 39873 | Swamp:2  | Identified the cursed +4 spear "Plog" {drain, Fragile rElec
                  | rPois rN++} (You acquired it on level 2 of the Swamp)
 40063 | Swamp:3  | Reached skill level 20 in Fighting
 40839 | Swamp:3  | Identified the cursed +9 demon blade "Ylaxo Rue" {pain,
                  | *Drain Dex+7 SInv} (You acquired it on level 3 of the
                  | Swamp)
 41002 | Swamp:3  | Learned a level 6 spell: Simulacrum
 41535 | Swamp:4  | Entered Level 4 of the Swamp
 41901 | Swamp:3  | Reached skill level 1 in Necromancy
 43225 | Swamp:4  | HP: 4/171 [seven-headed hydra (9)]
 43225 | Swamp:4  | Slain by a seven-headed hydra

Levels and vault maps discovered:
D:1:      evilmike_arrival_run_for_it, layout_loops_cross
D:2:      layout_basic, xom_butterflies, lemuel_round_altar, first_ration,
          uniq_robin
D:3:      layout_basic, lemuel_round_altar, lemuel_round_altar
D:4:      layout_basic, serial_co_window_serial, co_window_corner_a,
          co_window_corner_a, co_window_corner_a, co_window_of_opportunity_a,
          co_window_corner_a, co_window_paths_a, co_window_paths_c,
          co_window_corner_cb, co_window_broadway_c, co_window_broadway_c,
          nemelex_xobeh_ov_fountains_minmay
D:5:      layout_basic, serial_shops, shop_coins, gup_sewer_entry_bubbles,
          tso_metal_star, uniq_pikel
D:6:      layout_basic, lightli_ossuary_entry_decrepit_ruins
D:7:      layout_basic, minmay_temple_entry_enclosed_plants,
          palyth_stone_intersect, elyvilon_altar_5
D:8:      layout_rooms, overflow_temple_1_default, marbit_many_paths
D:9:      layout_long_grid, david_lair_generic, serial_shops, shop,
          hangedman_ranch [blue_anna_fruit_fields], lemuel_flamethrower_2
D:10:     layout_cave_pods, corexii_corridor_pit, grunt_gozag_breadcrumbs,
          uniq_erica, uniq_sonja, uniq_maurice
D:11:     layout_irregular_city, orc_0_dummy, minmay_increasing_density
D:12:     layout_loops_ring, uniq_kirke, uniq_azrael
D:13:     minmay_octo_star, layout_irregular_city, ximxim_vaults_locker_room,
          lemuel_tele_altar
D:14:     minmay_twisted_water, layout_stronghold, kennysheep_nondescript
D:15:     grunt_enter_depths_giant_problem, layout_basic, fedhas_altar_2
Temple:   nicolae_temple_x_marks_the_god
Lair:1:   layout_chaotic_city, grunt_megastairs_4, serial_bayou_shore_a,
          lemuel_fruit_fields, infiniplex_staircase_pool, lemuel_fruit_tree
Lair:2:   layout_misc_corridors, grunt_forest_stairs_clearing
Lair:3:   layout_roguey, minmay_swamp_entry_worms,
          minmay_snake_entry_six_corridors
Lair:4:   layout_regular_city, portal_ice_cave_rime
Lair:5:   layout_regular_city, st_stairs_12
Lair:6:   due_jungle_book, layout_regular_city, minmay_slime_entry_pillars,
          serial_bayou_shore_b, grunt_megastairs_2
Swamp:1:  layout_basic_swamp, hangedman_swamp_ruin_hall, swamp_pool2,
          hangedman_swamp_wriggling, infiniplex_staircase_pool_2
Swamp:2:  layout_basic_swamp, ebering_ghost_funeral_grove,
          evilmike_swamp_ruin_house_1
Swamp:3:  layout_basic_swamp, serial_swamp_ruin, evilmike_swamp_ruin_house_5,
          evilmike_swamp_ruin_rubble_2
Swamp:4:  swamp_vile, layout_basic_swamp
Orc:1:    layout_diamond_mine, serial_shops, shop_fountains,
          nicolae_orc_tapped_out
Orc:2:    st_orc_rangers, layout_caves
Depths:1: layout_gridlike, hellmouth_1, nrook_mini_backslash, serial_shops,
          nicolae_shop_waterfront, grunt_ministairs_9, kennysheep_inner_square,
          kennysheep_cross_landing
Sewer:    kennysheep_sewer_church
Ossuary:  ossuary_crypta
IceCv:    ice_cave_caverns_02

Skill      XL: |  1  2  3  4  5  6  7  8  9 10 11 12 13 14 15 16 17 |
---------------+----------------------------------------------------+-----
Dodging        | 3 4 5 6 7 8 9 10 12 14 15 17 | 17.7
Long Blades    | 4 5 6 7 9 10 12 14 10 | 10.3
Fighting       | 4 5 6 7 8 9 11 12 14 16 18 19 20 | 20.4
Shields        | 4 |  4.0
Polearms       | 10 | 10.4
Necromancy     | 4 |  4.5
Stealth        | |  1.7

Action                   |  1- 3 |  4- 6 |  7- 9 | 10-12 | 13-15 | 16-18 || total
-------------------------+-------+-------+-------+-------+-------+-------++-------
Melee: Falchion          |   109 |   259 |   735 |   110 |  2175 |   210 ||  3598
       Tailslap          |    13 |    36 |   131 |   108 |   697 |   345 ||  1330
       Scimitar          |       |       |    50 |   416 |   379 |     8 ||   853
       Trident           |       |       |       |       |       |   741 ||   741
       Demon blade       |       |       |       |       |       |   360 ||   360
Invok: Curse Item        |       |     1 |     4 |       |     1 |     1 ||     7
       Transfer Knowledg |       |       |       |       |       |     1 ||     1
 Abil: Breathe Dispellin |       |       |     9 |     6 |     5 |       ||    20
       Evoke Berserk Rag |       |       |       |       |     1 |       ||     1
       Evoke Flight      |       |       |       |       |     4 |     1 ||     5
       Stop Flying       |       |       |       |       |     1 |       ||     1
Evoke: Wand              |       |       |       |     4 |     2 |    27 ||    33
       Box of beasts     |       |       |       |       |       |     1 ||     1
  Use: Scroll            |       |       |     6 |     6 |    13 |    13 ||    38
       Potion            |       |       |     6 |     4 |    11 |     8 ||    29
 Stab: Sleeping          |     2 |     8 |     3 |     5 |    24 |     6 ||    48
       Distracted        |       |       |       |     1 |     2 |     7 ||    10
       Confused          |       |       |       |       |     3 |       ||     3
  Eat: Chunk             |       |     7 |    12 |    18 |    42 |    26 ||   105
       Ration            |       |     1 |     3 |     1 |     5 |     3 ||    13
Armor: Skin              |    29 |    70 |   261 |    94 |   196 |   134 ||   784
Dodge: Dodged            |    89 |   179 |   557 |   409 |  1660 |  1348 ||  4242
Block: Buckler           |       |       |       |       |   592 |   478 ||  1070
       Rpst.: Falchion   |    31 |    55 |   142 |    18 |   294 |    23 ||   563
       Scimitar          |       |       |    15 |    90 |    94 |     2 ||   201
       Demon blade       |       |       |       |       |       |    81 ||    81

Table legend:
 A = Non-vault XP
 B = Vault XP
 C = Vault XP percentage of total XP
 D = Non-vault monster count
 E = Vault monster count
 F = Vault count percentage of total count
                 A         B        C        D         E       F
            +---------+---------+-------+---------+---------+-------
      Total |  170990 |   75654 |  30.7 |     794 |     280 |  26.1
            +---------+---------+-------+---------+---------+-------
        D:1 |      24 |       0 |   0.0 |      13 |       0 |   0.0
        D:2 |      99 |      35 |  26.1 |      23 |      11 |  32.4
        D:3 |     230 |       0 |   0.0 |      38 |       0 |   0.0
        D:4 |     383 |       0 |   0.0 |      20 |       0 |   0.0
        D:5 |     527 |     710 |  57.4 |      14 |       6 |  30.0
        D:6 |    1259 |       0 |   0.0 |      34 |       0 |   0.0
        D:7 |    1115 |       0 |   0.0 |      27 |       0 |   0.0
        D:8 |     721 |       0 |   0.0 |      18 |       0 |   0.0
        D:9 |    2198 |    3260 |  59.7 |      31 |      12 |  27.9
       D:10 |    1287 |    2187 |  63.0 |      18 |       3 |  14.3
       D:11 |    4816 |    1896 |  28.2 |      40 |       7 |  14.9
       D:12 |    3649 |    4304 |  54.1 |      29 |       7 |  19.4
       D:13 |   10101 |   13859 |  57.8 |      30 |      23 |  43.4
       D:14 |   15644 |    4441 |  22.1 |      61 |      12 |  16.4
       D:15 |   11947 |    2279 |  16.0 |      24 |       2 |   7.7
     Lair:1 |    4309 |      93 |   2.1 |      21 |       1 |   4.5
     Lair:2 |     694 |    1132 |  62.0 |       4 |       7 |  63.6
     Lair:3 |    3059 |    1756 |  36.5 |      13 |      16 |  55.2
     Lair:4 |    8447 |     709 |   7.7 |      34 |       2 |   5.6
     Lair:5 |    8533 |     151 |   1.7 |      30 |       1 |   3.2
     Lair:6 |   12390 |    5013 |  28.8 |      25 |      13 |  34.2
    Swamp:1 |   12490 |    1837 |  12.8 |      33 |       7 |  17.5
    Swamp:2 |   17760 |    4030 |  18.5 |      53 |       4 |   7.0
    Swamp:3 |   20014 |     660 |   3.2 |      46 |       1 |   2.1
    Swamp:4 |   12750 |    4814 |  27.4 |      31 |       8 |  20.5
      Orc:1 |    6166 |    1102 |  15.2 |      53 |       6 |  10.2
      Orc:2 |    1204 |    3769 |  75.8 |      16 |      31 |  66.0
   Depths:1 |    9174 |    4155 |  31.2 |      15 |       5 |  25.0
      Sewer |       0 |     672 | 100.0 |       0 |      30 | 100.0
    Ossuary |       0 |     103 | 100.0 |       0 |      11 | 100.0
      IceCv |       0 |   12687 | 100.0 |       0 |      54 | 100.0
            +---------+---------+-------+---------+---------+-------
